cohdb
Replays
Latest Replays
All Replays
Popular Replays
Top Player Replays
Match Explorer
How It Works
Community
CoH3 Stats
Reddit
Sign in to upload your games and track your stats! →
Sign in with Steam
Match 47347070
Unlisted
Match 47347070
Overview
Messages
Build Orders
End
Panzergrenadier Squad
Panzergrenadier Squad
Selects Panzerjäger Kommand Battlegroup
250 Light Carrier
Panzergrenadier Squad
250 Light Carrier
Construct Light Support Kompanie
MG34 Team
MG34 Team
Combat Half-tracks
Fire Support Elements
le.IG 18 Support Gun Team
le.IG 18 Support Gun Team
Construct Mechanized Kompanie
Selects Blockade Equipment
Panzerpioneer Squad
Pak 38 Anti-tank Gun Team
Pak 38 Anti-tank Gun Team
Construct Panzerarmee Kommand
Walking Stuka Rocket Launcher
Tungsten Core Ammunition
Advanced Optics
Emergency Repair Kits
Vehicle Survival Package
Advanced Field Repairs
Veteran Squad Leaders
Rapid Advance
Armored Reserves
Selects GrB 39 Grenade Launcher Requisition
Selects Crew Shock Tactics
Selects Defensive Positions
Assault Grenadier Squad
Assault Grenadier Squad
Assault Grenadier Squad
Panzergrenadier Squad
Panzergrenadier Squad
Assault Grenadier Squad
Tiger Heavy Tank
别人家的白菜
potatoo
Eagle Strafing Run
CPU - 专家
CPU - 专家
CPU - 专家
0
0
Comments
sign in to comment!
No comments posted yet!